 Dungeon Crawl Stone Soup version 0.31-a0-237-g2d982f9f85 (webtiles) character file.

Game seed: 6068287061234048421

79 qw the Shooter (level 4, -1/26 HPs)
             Began as a Gargoyle Hexslinger on July 11, 2023.
             Slain by an orc
             ... wielding a +0 club
              (4 damage)
             ... on level 3 of the Dungeon.
             The game lasted 00:00:24 (856 turns).

qw the Shooter (Gargoyle Hexslinger)                 Turns: 856, Time: 00:00:25

Health: -1/26      AC:  5    Str: 12    XL:     4   Next: 37%
Magic:  5/5        EV: 12    Int: 13    God:
Gold:   16         SH:  0    Dex: 14    Spells: 4/5 levels left

rFire   . . .        Y - +2 sling
rCold   . . .        (no shield)
rNeg    + . .        c - +0 robe
rPois   inf          (no helmet)
rElec   +            (no cloak)
rCorr   .            (no gloves)
SInv    .            (no boots)
Will    .....        (no amulet)
Stlth   +            (no ring)
HPRegen 0.24/turn    (no ring)
MPRegen 0.09/turn

%: no passive effects
@: no status effects
A: sickness immunity, AC +3, negative energy resistance 1, electricity
resistance, torment resistance 1, petrification resistance
a: no special abilities


You were on level 3 of the Dungeon.
You visited 1 branch of the dungeon, and saw 3 of its levels.

You collected 16 gold pieces.


Innate Abilities, Weirdness & Mutations

You are immune to sickness and miasma.
Your stone body is resilient. (AC +3)
You are immune to poison.
You resist negative energy. (rN+)
You are resistant to electric shocks. (rElec)
You are resistant to unholy torment.
You are immune to petrification.


   Skills:
 - Level 2.0 Fighting
 + Level 4.1 Ranged Weapons
 - Level 1.5 Dodging
 - Level 1.0 Spellcasting
 - Level 2.6 Hexes


You had 4 spell levels left.
You knew the following spells:

 Your Spells              Type           Power      Damage    Failure   Level
a - Slow                  Hex            28%        N/A       10%         1

Your spell library contained the following spells:

 Spells                   Type           Power      Damage    Failure   Level
 Inner Flame              Hex/Fire       4%         N/A       43%         3
 Portal Projectile        Hex/Tloc       8%         N/A       43%         3
 Cause Fear               Hex            3%         N/A       67%         4

Inventory:

Hand Weapons
 Y - a +2 sling (weapon)
Armour
 c - a +0 robe (worn)
Potions
 d - a potion of magic {unknown}
 f - a potion of haste {unknown}
 g - a potion of cancellation {unknown}
 h - a potion of curing {unknown}

Dungeon Overview and Level Annotations

Branches:
Dungeon (2/15)

Altars:

Shops:
D:2 =


Message History

You shoot a sling bullet. The sling bullet hits the orc.
The orc is heavily wounded.
You shoot a sling bullet. The sling bullet hits the orc.
The orc is severely wounded.
You shoot a sling bullet. The sling bullet hits the orc.
You kill the orc!
The orc priest hits you with a +0 mace.
You shoot a sling bullet.
The sling bullet hits the orc priest but does no damage.
The orc priest hits you with a +0 mace.
You shoot a sling bullet. The sling bullet hits the orc priest.
The orc priest is moderately wounded.
The orc priest closely misses you.
You shoot a sling bullet. The sling bullet hits the orc priest!
The orc priest is severely wounded.
The orc priest hits you but does no damage.
You shoot a sling bullet. The sling bullet hits the orc priest.
The orc priest is severely wounded.
The orc priest closely misses you.
You shoot a sling bullet.
The sling bullet closely misses the orc priest.
The sling bullet hits the orc.
The orc is lightly wounded.
The orc priest hits you with a +0 mace. The orc priest hits you with a +0 mace!
You shoot a sling bullet.
The sling bullet closely misses the orc priest.
The sling bullet hits the orc but does no damage.
The orc is lightly wounded.
The orc priest closely misses you.
You shoot a sling bullet. The sling bullet hits the orc priest!
You kill the orc priest!
Your Ranged Weapons skill increases to level 4!
You have reached level 4!
You feel stronger.
You shoot a sling bullet.
The sling bullet hits the orc but does no damage.
The orc hits you with a +0 club.
You shoot a sling bullet. The sling bullet hits the orc.
The orc is moderately wounded.
The orc hits you with a +0 club.
You die...

#################
#...............#
#.#############.#
##.# #.# ...# #.#
#### #.# #.# #@#
#o# .o. #.)$#
#...# #...# #...#
#...#


You could see 2 orcs.

Vanquished Creatures
  An orc priest (D:3)
  An adder (D:3)
  2 orcs (D:3)
  3 endoplasms
  2 giant cockroaches
  5 goblins
  2 hobgoblins (D:1)
  3 jackals (D:1)
  5 kobolds
  3 quokkas (D:1)
  4 ball pythons (D:1)
  2 frilled lizards (D:1)
  A rat (D:1)
34 creatures vanquished.

Notes
Turn   | Place    | Note
-------+----------+-------------------------------------------
     0 | D:1      | qw the Gargoyle Hexslinger began the quest for the Orb.
     0 | D:1      | Reached XP level 1. HP: 12/12 MP: 2/2
     0 | D:1      | 0 ||| qw: Version: 0.3-a-52-g30416fa
     0 | D:1      | 0 ||| qw: Game counter: 5430
     0 | D:1      | 0 ||| qw: Melee chars always use a shield: true
     0 | D:1      | 0 ||| qw: God list: Okawaru
     0 | D:1      | 0 ||| qw: Allow faded altars: false
     0 | D:1      | 0 ||| qw: Do Orc after clearing Dungeon:15 true
     0 | D:1      | 0 ||| qw: Do second Lair branch before Depths: true
     0 | D:1      | 0 ||| qw: Lair rune preference: random
     0 | D:1      | 0 ||| qw: Goals: Normal
     0 | D:1      | 0 ||| PLANNING D:1-11
    52 | D:1      | Reached XP level 2. HP: 14/16 MP: 3/3
   124 | D:1      | HP: 4/16 [rat (1)]
   129 | D:1      | Reached skill level 3 in Ranged Weapons
   129 | D:1      | HP: 4/16 [rat (1)]
   285 | D:1      | Reached XP level 3. HP: 21/21 MP: 4/4
   668 | D:1      | 668 ||| READING scroll labelled IMAUDALOSY.
   669 | D:1      | 669 ||| READING scroll labelled SIPUTI XU OFEJA.
   670 | D:1      | 670 ||| READING scroll labelled WUWALI PUIWU.
   671 | D:1      | 671 ||| DROPPING scroll of poison.
   683 | D:2      | Found Yplynwy's Jewellery Shoppe.
   710 | D:2      | 710 ||| SHOPLISTING +4 ring of protection (504 gold, have
                  | 8).
   710 | D:2      | 710 ||| SHOPLISTING +4 ring of slaying (1092 gold, have 8).
   710 | D:2      | 710 ||| SHOPLISTING +5 ring of evasion (504 gold, have 8).
   710 | D:2      | 710 ||| SHOPLISTING ring of ice (350 gold, have 8).
   710 | D:2      | 710 ||| SHOPLISTING ring of protection from cold (350 gold,
                  | have 8).
   757 | D:2      | You fall into a shaft and drop 1 floor!
   852 | D:3      | HP: 3/21 [orc priest/+0 mace (8)]
   855 | D:3      | Reached skill level 4 in Ranged Weapons
   855 | D:3      | Reached XP level 4. HP: 5/26 MP: 5/5
   856 | D:3      | Slain by an orc

Levels and vault maps discovered:
D:1:      giann_forest_graveyard, layout_basic, chequers_serial_rivers_small_3,
          minmay_tromino_v4_c
D:2:      layout_basic, serial_shops, nicolae_shop_just_a_little_nook
D:3:      layout_basic

Skill      XL: |  1  2  3 |
---------------+----------+-----
Ranged Weapons | 3 4 |  4.1
Fighting       | 2 |  2.0
Dodging        | |  1.5
Spellcasting   | |  1.0
Hexes          | |  2.6

Action                     |  1- 3 |  4- 6 || total
---------------------------+-------+-------++-------
   Fire: Sling             |   109 |     2 ||   111
    Use: Scroll            |     3 |       ||     3
 Armour: Robe              |    22 |       ||    22
  Dodge: Dodged            |    34 |       ||    34

Table legend:
 A = Non-vault XP
 B = Vault XP
 C = Vault XP percentage of total XP
 D = Non-vault monster count
 E = Vault monster count
 F = Vault count percentage of total count
                 A         B        C        D         E       F
            +---------+---------+-------+---------+---------+-------
      Total |     111 |       2 |   1.8 |      33 |       1 |   2.9
            +---------+---------+-------+---------+---------+-------
        D:1 |      44 |       2 |   4.3 |      25 |       1 |   3.8
        D:2 |       7 |       0 |   0.0 |       4 |       0 |   0.0
        D:3 |      60 |       0 |   0.0 |       4 |       0 |   0.0
            +---------+---------+-------+---------+---------+-------
